 Dungeon Crawl Stone Soup version 0.28.0-43-g3370ac3207 (webtiles) character file.

Game seed: 5139122928439961439

18 crimpus the Ducker (level 2, 0/14 HPs)
             Began as a Spriggan Transmuter on Mar 13, 2022.
             Slain by a bat (1 damage)
             ... on level 1 of the Dungeon.
             The game lasted 00:00:59 (890 turns).

crimpus the Ducker (Spriggan Transmuter)             Turns: 890, Time: 00:01:00

Health: 0/14       AC:  2    Str:  6    XL:     2   Next: 51%
Magic:  6/6        EV: 17    Int: 14    God:
Gold:   63         SH:  0    Dex: 15    Spells: 5/6 levels left

rFire   . . .      SeeInvis +     - Unarmed
rCold   . . .      Faith    .   (no shield)
rNeg    . . .      Spirit   .   a - +0 robe
rPois   .          Reflect  .   (helmet currently unavailable)
rElec   .          Harm     .   (no cloak)
rCorr   .          Rampage  .   (gloves unavailable)
Will    .....                   (boots unavailable)
Stlth   +.........              (no amulet)
HPRegen 0.04/turn               (no ring)
MPRegen 0.10/turn               (no ring)

@: appendages (expiring), very quick
A: horns 2, talons 2, very small, no large weapons, unfitting armour, see
invisible, speed 3
a: End Transformation


You were on level 1 of the Dungeon.
You had temporarily grown beastly horns and talons.
You visited 1 branch of the dungeon, and saw 1 of its levels.

You collected 63 gold pieces.

Inventory:

Armour
 a - a +0 robe (worn)
Scrolls
 b - a scroll of magic mapping {unknown}
 c - a scroll of enchant armour {unknown}
 d - a scroll of brand weapon {unknown}
 e - a scroll of immolation {unknown}
 f - a scroll of fear {unknown}
 h - 2 scrolls of identify {unknown}
Potions
 g - a potion of degeneration {unknown}


   Skills:
 + Level 0.7 Fighting
 + Level 3.1 Dodging
 + Level 2.7 Unarmed Combat
 + Level 2.9 Spellcasting
 + Level 3.1 Transmutations


You had 5 spell levels left.
You knew the following spells:

 Your Spells              Type           Power      Damage    Failure   Level
a - Beastly Appendage     Tmut           20%        N/A       6%          1

Your spell library contained the following spells:

 Spells                   Type           Power      Damage    Failure   Level
 Wereblood                Tmut           10%        N/A       9%          2
 Spider Form              Tmut/Pois      6%         N/A       34%         3
 Ice Form                 Ice/Tmut       6%         N/A       75%         4


Dungeon Overview and Level Annotations

Branches:
Dungeon (1/15)

Altars:


Innate Abilities, Weirdness & Mutations

You have temporarily grown beastly horns and talons.
You are very small and have problems with some larger weapons.
You are too small for most types of armour.
You have supernaturally acute eyesight. (SInv)
You cover ground extremely quickly. (Speed+++)


Message History

You barely miss the bat. The bat barely misses you.
You barely miss the kobold. The kobold hits you with a +0 whip.
You barely miss the bat. The bat closely misses you.
The kobold barely misses you.
You hit the kobold but do no damage. The kobold misses you.
The bat completely misses you.
Casting: Beastly Appendage (safe; 6% risk of failure)
Confirm with . or Enter, or press ? or * to list all spells.
You grow a pair of large bovine horns.
Your feet morph into talons.
The bat barely misses you. x2; The kobold completely misses you.
You closely miss the bat. You claw the bat, but do no damage.
The bat misses you. The kobold hits you with a +0 whip.
You miss the bat. The bat misses you. The kobold hits you with a +0 whip.
* * * LOW HITPOINT WARNING * * *
You are too injured to fight recklessly!
You are too injured to fight recklessly!
You are too injured to fight recklessly!
You hit the bat. Your punch misses the bat.
The bat is moderately wounded.
The bat hits you but does no damage. The kobold hits you with a +0 whip.
* * * LOW HITPOINT WARNING * * *
You closely miss the kobold. You claw the kobold.
You kill the kobold!
The bat misses you.
You closely miss the bat.
The bat is moderately wounded.
The bat hits you but does no damage.
You hit the bat.
The bat is severely wounded.
The bat misses you.
You see here a +0 ring mail.
You closely miss the bat. Your kick misses the bat.
The bat is moderately wounded.
The bat barely misses you.
Your transformation is almost over.
You barely miss the bat. You claw the bat, but do no damage.
Your headbutt misses the bat.
The bat is moderately wounded.
The bat hits you.
You die...

#####.# ####.# ###
......# ##....###...
######### ##....##....#
# ##.######....##....#
# #...........##....#
#######.####....##....#
........)......##..).#
##########...###b...##
#......@[### ##########


You could see a bat.

Vanquished Creatures
  A dart slug (D:1)
  A bat (D:1)
  An endoplasm (D:1)
  2 goblins (D:1)
  A hobgoblin (D:1)
  2 kobolds (D:1)
  A quokka (D:1)
  4 ball pythons (D:1)
  A rat (D:1)
14 creatures vanquished.

Notes
Turn   | Place    | Note
-------+----------+-------------------------------------------
     0 | D:1      | crimpus the Spriggan Transmuter began the quest for the
                  | Orb.
     0 | D:1      | Reached XP level 1. HP: 9/9 MP: 5/5
   307 | D:1      | Reached XP level 2. HP: 12/14 MP: 4/6
   890 | D:1      | Slain by a bat

Illustrated notes

Levels and vault maps discovered:
D:1:      matt_arrival_spirals, layout_loops_ring, nrook_mini_backslash,
          minmay_split_cup_small

Skill      XL: |  1  2 |
---------------+-------+-----
Dodging        | 3 |  3.1
Transmutations | 3 |  3.1
Fighting       | |  0.7
Unarmed Combat | |  2.7
Spellcasting   | |  2.9

Action                   || total
-------------------------++-------
Melee: Unarmed           ||    52
       Kick              ||    11
       Headbutt          ||     7
       Punch             ||     2
 Cast: Beastly Appendage ||     9
 Stab: Sleeping          ||     1
Armor: Robe              ||     9
Dodge: Dodged            ||    45
